 Dungeon Crawl Stone Soup version 0.22.1-2-g9c5b331 (webtiles) character file.

6309 WarriorsX the Frost Mage (level 10, -7/69 HPs)
             Began as a Black Draconian Ice Elementalist on Dec 29, 2018.
             Was a Priest of Sif Muna.
             Mangled by Harold
             ... wielding a +0 battleaxe
              (25 damage)
             ... on level 10 of the Dungeon.
             The game lasted 01:11:33 (12508 turns).

WarriorsX the Frost Mage (DrIE)                    Turns: 12508, Time: 01:11:34

Health: -7/69      AC:  8    Str: 11    XL:     10   Next: 64%
Magic:  11/23      EV: 12    Int: 18    God:    Sif Muna [***...]
Gold:   477        SH:  0    Dex: 12    Spells: 7/27 levels left

rFire    . . .     SeeInvis .   u - +1 halberd (flame)
rCold    . . .     Gourm    .   (shield currently unavailable)
rNeg     . . .     Faith    .   (armour unavailable)
rPois    +         Spirit   .   (helmet restricted)
rElec    +         Reflect  .   (no cloak)
rCorr    .         Harm     .   a - +0 pair of gloves
MR       .....                  (no boots)
Stlth    ++........             l - amulet of regeneration
HPRegen  0.61/turn              v - ring of poison resistance
MPRegen  0.18/turn              (no ring)

@: marked
A: breathe lightning, unfitting armour, mutation resistance 1, electricity
resistance, cold-blooded, AC +7
a: Breathe Lightning, Divine Energy, Channel Magic, Renounce Religion


You were on level 10 of the Dungeon.
You worshipped Sif Muna.
Sif Muna was most pleased with you.
You were not hungry.

You visited 2 branches of the dungeon, and saw 11 of its levels.

You collected 520 gold pieces.
You spent 43 gold pieces at shops.

Inventory:

Hand Weapons
 c - a +0 mace
 d - a +1 short sword of venom
 u - a +1 halberd of flaming (weapon)
Armour
 a - a +0 pair of gloves (worn)
Jewellery
 e - an uncursed amulet of rage
 l - an amulet of regeneration (around neck)
 v - a ring of poison resistance (left hand)
Wands
 s - a wand of polymorph (13)
Scrolls
 g - a scroll of magic mapping
 h - 5 scrolls of identify
 i - 2 scrolls of remove curse
 j - a scroll of amnesia
 k - 4 scrolls of teleportation
 n - a scroll of enchant armour {unknown}
 p - 2 scrolls of vulnerability {unknown}
 q - a scroll of fog
 r - 2 scrolls of blinking
 t - a scroll of silence {unknown}
 w - a scroll of random uselessness {unknown}
 x - a scroll of noise {unknown}
 y - a scroll of enchant weapon
Potions
 f - a potion of ambrosia
 m - a potion of invisibility
 o - a potion of berserk rage
 z - a potion of flight
Miscellaneous
 A - a lightning rod (3/4)
Comestibles
 b - 14 rations


   Skills:
 - Level 1.2 Short Blades
 - Level 2.1 Dodging
 - Level 2.1 Stealth
 - Level 9.1 Spellcasting
 - Level 5.3 Conjurations
 - Level 4.2 Summonings
 - Level 10.3 Ice Magic
 + Level 4.5 Air Magic
 - Level 1.0 Evocations


You had 7 spell levels left.
You knew the following spells:

 Your Spells              Type           Power        Failure   Level  Hunger
a - Freeze                Ice            ####         1%          1    None
b - Throw Frost           Conj/Ice       #####.       1%          2    None
c - Ozocubu's Armour      Chrm/Ice       ####....     3%          3    None
d - Throw Icicle          Conj/Ice       #####...     3%          4    ###....
e - Summon Ice Beast      Ice/Summ       ####....     4%          4    ###....
f - Call Imp              Summ           ###.....     2%          2    None
g - Summon Lightning Spi  Summ/Air       ###.....     14%         4    ###....

Your spell library contained the following spells:

 Spells                   Type           Power        Failure   Level  Hunger
 Shock                    Conj/Air       ####         1%          1    None
 Summon Small Mammal      Summ           ###.         1%          1    None
 Flame Tongue             Conj/Fire      ###..        3%          1    None
 Static Discharge         Conj/Air       ####....     3%          3    None
 Throw Flame              Conj/Fire      ###...       4%          2    None
 Call Canine Familiar     Summ           ###.....     4%          3    None
 Swiftness                Chrm/Air       ###.....     5%          2    None
 Conjure Flame            Conj/Fire      ###.....     9%          3    None
 Summon Guardian Golem    Hex/Summ       ###.....     11%         3    None
 Airstrike                Air            ###.......   14%         4    ###....
 Inner Flame              Hex/Fire       #.......     26%         3    None
 Sticky Flame             Conj/Fire      ###.....     28%         4    ###....
 Lightning Bolt           Conj/Air       ####......   32%         5    #####..
 Fireball                 Conj/Fire      ###.......   63%         5    #####..


Dungeon Overview and Level Annotations

Branches:
Dungeon (10/15)            Temple (1/1) D:6            Lair (0/6) D:10
    Orc: D:9-12

Altars:
Ashenzari
Cheibriados
Dithmenos
Elyvilon
Fedhas
Gozag
Hepliaklqana
Kikubaaqudgha
Makhleb
Nemelex Xobeh
Okawaru
Qazlal
Ru
Sif Muna
Trog
Uskayaw
Vehumet
Wu Jian
Xom
Yredelemnul
Zin
The Shining One

Shops:
D:6 }   D:7 *   D:10 =

Annotations:
D:5 3 runed doors, Harpaggios's ghost, novice MfGl
D:10 Harold


Innate Abilities, Weirdness & Mutations

You can breathe wild blasts of lightning.
Your glossy black scales are hard. (AC +7)
You cannot fit into any form of body armour.
You are resistant to electric shocks. (rElec)
You are cold-blooded and may be slowed by cold attacks.
You are somewhat resistant to further mutation.


Message History

Harold hits you with a battleaxe!
All of the chunks of flesh in your inventory have rotted away.
Casting: Summon Lightning Spire (safe; 14% risk of failure)
Confirm with . or Enter, or press ? or * to list all spells.
Aiming: Summon Lightning Spire (safe; 14% risk of failure)
Press: ? - help, Dir - move target cursor An electric hum fills the air.
Harold hits you with a battleaxe!!
* * * LOW HITPOINT WARNING * * *
An orc comes into view. It is wielding a trident.
Casting: Summon Lightning Spire (safe; 14% risk of failure)
Confirm with . or Enter, or press ? or * to list all spells.
A chill wind blows around you.
Your lightning spire shoots out a bolt of lightning at Harold!
The bolt of electricity hits Harold.
The bolt of electricity hits the crimson imp.
The bolt of electricity hits the orc.
The orc dies!
Sif Muna accepts your kill. Harold hits you with a battleaxe!!
You die...

#### ###### ..# #..... ### #.#
#.#### ..# #.##### #.#
#.#########.....###.####
#.....Y......##........( ##.##
#8@..........######
####...###@##.##.##<#.#
######.)......>5##.##....#.#
.##.##.##...###.##.#####...#
............###.##.# ###.#
..###..##.#....).#.# ##.## ..#
#.......#.#.#..######...#####
#.###..###.......................
#......# ####.#.#.####.##...#####


You could see Harold, a crimson imp, a friendly ice beast and a friendly
lightning spire.

Vanquished Creatures
  A two-headed ogre (D:8)
  Pikel (D:4)
  A hornet (D:7)
  4 hippogriffs
  A yak (D:10)
  5 orc warriors
  2 slaves (D:4)
  A black bear (D:7)
  3 ice beasts
  A phantom (D:8)
  2 ogres
  A centaur (D:8)
  A crocodile (D:8)
  2 big kobolds (D:9)
  2 bullfrogs (D:7)
  Blork the orc (D:6)
  A scorpion (D:6)
  2 killer bees (D:8)
  2 howler monkeys
  A wight (D:7)
  A quasit (D:9)
  3 crimson imps
  A centaur zombie (D:8)
  4 jellies
  A centaur skeleton (D:9)
  7 orc priests
  6 hounds
  2 bullfrog skeletons
  4 iguanas
  12 orc wizards
  5 worker ants
  A worker ant zombie (D:10)
  9 gnolls
  A howler monkey skeleton (D:4)
  9 adders
  A shadow imp (D:5)
  An ooze (D:2)
  2 adder skeletons
  5 worms
  A dart slug (D:2)
  9 leopard geckos
  29 orcs
  A ball python (D:3)
  6 bats
  5 giant cockroaches
  8 goblins
  7 hobgoblins
  4 jackals
  4 quokkas
  3 frilled lizards
  A giant cockroach zombie (D:5)
  A jackal zombie (D:8)
  15 kobolds
  A leopard gecko skeleton (D:4)
  12 rats
217 creatures vanquished.

Vanquished Creatures (collateral kills)
  Psyche (D:8)
  4 yaks (D:10)
  An orc warrior (D:10)
  An ogre (D:8)
  4 killer bees (D:8)
  2 wights (D:7)
  An orc priest (D:9)
  An orc wizard (D:6)
  2 adders
  4 orcs
  A jackal (D:6)
22 creatures vanquished.

Grand Total: 239 creatures vanquished

Notes
Turn   | Place    | Note
-------+----------+-------------------------------------------
     0 | D:1      | WarriorsX the Draconian Ice Elementalist began the quest
                  | for the Orb.
     0 | D:1      | Reached XP level 1. HP: 14/14 MP: 3/3
   139 | D:1      | Reached XP level 2. HP: 16/20 MP: 5/5
   713 | D:2      | Reached XP level 3. HP: 23/26 MP: 5/7
  1031 | D:1      | Reached skill level 4 in Ice Magic
  1031 | D:1      | Reached XP level 4. HP: 10/33 MP: 1/8
  1243 | D:2      | Learned a level 2 spell: Throw Frost
  1247 | D:2      | Learned a level 3 spell: Ozocubu's Armour
  2283 | D:3      | Reached XP level 5. HP: 35/38 MP: 4/9
  3319 | D:4      | Reached XP level 6. HP: 36/45 MP: 12/12
  3363 | D:4      | Reached skill level 1 in Short Blades
  3729 | D:4      | You fall through a shaft for 3 floors!
  3732 | D:7      | Noticed an orc warrior
  3841 | D:7      | Reached skill level 5 in Ice Magic
  3852 | D:7      | Killed an orc warrior
  3852 | D:7      | Reached skill level 6 in Ice Magic
  3852 | D:7      | Your scales start taking on a glossy black colour.
  3852 | D:7      | Reached XP level 7. HP: 24/50 MP: 1/13
  3852 | D:7      | Gained mutation: You are resistant to electric shocks.
                  | (rElec) [Black Draconian growth]
  3966 | D:7      | Found Qoux's Assorted Antiques.
  3966 | D:7      | Noticed a hippogriff
  4219 | D:6      | Found a staircase to the Ecumenical Temple.
  4256 | D:6      | Learned a level 4 spell: Throw Icicle
  4294 | D:6      | Reached skill level 7 in Ice Magic
  4479 | D:5      | Entered Level 5 of the Dungeon
  4578 | D:5      | Found a runed gate.
  4578 | D:5      | Found a runed gate.
  4580 | D:5      | Found a runed gate.
  4587 | D:5      | Noticed Harpaggios's ghost (novice MfGl)
  4685 | D:5      | Noticed Pikel
  4793 | D:4      | Killed Pikel
  4793 | D:4      | Reached XP level 8. HP: 25/57 MP: 3/17
  5504 | D:5      | Learned a level 4 spell: Summon Ice Beast
  5654 | D:5      | Found a bloodstained altar of Trog.
  5733 | D:5      | Found a blossoming altar of Fedhas.
  5808 | Temple   | Entered the Ecumenical Temple
  5840 | Temple   | Became a worshipper of Sif Muna the Loreminder
  6137 | D:6      | Noticed Blork the orc
  6151 | D:6      | Killed Blork the orc
  6914 | D:6      | Reached skill level 1 in Summonings
  7001 | D:6      | Found Warphymyl's Gadget Shoppe.
  7953 | D:7      | Reached XP level 9. HP: 52/62 MP: 6/19
  8062 | D:7      | Found a shimmering altar of Xom.
  8078 | D:7      | Reached * piety under Sif Muna
  8078 | D:7      | Reached skill level 8 in Ice Magic
  8246 | D:7      | Bought a cyan potion for 20 gold pieces
  8246 | D:7      | Bought a scroll labeled YCISIE LELI for 23 gold pieces
  8248 | D:7      | Gained mutation: You are somewhat resistant to further
                  | mutation. [potion of mutation]
  8362 | D:7      | Found a hide-covered altar of Uskayaw.
  8797 | D:8      | Noticed a two-headed ogre
  8812 | D:7      | Paralysed by a hornet for 1 turns
  9487 | D:8      | Reached ** piety under Sif Muna
 10350 | D:8      | Killed a two-headed ogre
 10350 | D:8      | Reached skill level 9 in Ice Magic
 10350 | D:8      | Reached XP level 10. HP: 44/69 MP: 3/23
 10566 | D:8      | Noticed Psyche
 10575 | D:8      | Killed Psyche
 10575 | D:8      | Reached *** piety under Sif Muna
 10788 | D:9      | Reached skill level 10 in Ice Magic
 11465 | D:9      | Learned a level 2 spell: Call Imp
 11470 | D:9      | Learned a level 4 spell: Summon Lightning Spire
 11713 | D:9      | Reached skill level 5 in Conjurations
 12176 | D:10     | Entered Level 10 of the Dungeon
 12223 | D:10     | Found a staircase to the Lair.
 12263 | D:10     | Reached skill level 1 in Evocations
 12377 | D:10     | Found Ecenkuh's Jewellery Shoppe.
 12462 | D:10     | Noticed Harold
 12508 | D:10     | Mangled by Harold

Skill      XL: |  1  2  3  4  5  6  7  8  9 10 |
---------------+-------------------------------+-----
Stealth        | 2 |  2.1
Spellcasting   | 3 4 6 7 9 |  9.1
Ice Magic      | 4 6 7 9 10 | 10.3
Dodging        | 2 |  2.1
Conjurations   | 2 4 5 |  5.3
Short Blades   | 1 |  1.2
Summonings     | 2 4 |  4.2
Air Magic      | 4 |  4.5
Evocations     | 1 |  1.0

Action                   |  1- 3 |  4- 6 |  7- 9 | 10-12 || total
-------------------------+-------+-------+-------+-------++-------
Melee: Unarmed           |    21 |       |       |       ||    21
       Mace              |    50 |    76 |       |       ||   126
       Tailslap          |     4 |    15 |    14 |     1 ||    34
       Short sword       |       |    46 |    86 |       ||   132
       Halberd           |       |       |    27 |    38 ||    65
 Cast: Freeze            |    16 |    71 |   126 |    71 ||   284
       Throw Frost       |       |    14 |    58 |    36 ||   108
       Ozocubu's Armour  |       |     2 |     8 |       ||    10
       Throw Icicle      |       |       |    43 |    12 ||    55
       Summon Ice Beast  |       |       |    18 |     4 ||    22
       Summon Lightning  |       |       |       |     4 ||     4
       Call Imp          |       |       |       |     1 ||     1
 Abil: Breathe Lightning |       |       |     2 |     3 ||     5
Evoke: Lightning rod     |       |       |       |     1 ||     1
  Use: Scroll            |       |     9 |       |       ||     9
       Potion            |       |     3 |    10 |       ||    13
 Stab: Sleeping          |       |     2 |       |       ||     2
  Eat: Chunk             |       |     9 |    23 |     6 ||    38
       Ration            |       |       |     2 |     1 ||     3
Armor: Skin              |    32 |    75 |   103 |    59 ||   269
Dodge: Dodged            |    68 |   127 |   156 |    82 ||   433
